 Dungeon Crawl Stone Soup version 0.26-a0-672-g1df16c3386 (webtiles) character file.

Game seed: 14057245321398447967

594 grandjackal the Slasher (level 7, 55/55 HPs)
             Began as a Demonspawn Gladiator on Oct 19, 2020.
             Quit the game on level 4 of the Dungeon.
             The game lasted 00:05:18 (4272 turns).

grandjackal the Slasher (Demonspawn Gladiator)      Turns: 4272, Time: 00:05:18

Health: 55/55      AC: 10    Str: 16    XL:     7   Next: 16%
Magic:  7/7        EV: 15    Int:  9    God:
Gold:   189        SH:  0    Dex: 18    Spells: 6/6 levels left

rFire    . . .     SeeInvis .   a - +0 long sword
rCold    . . .     Faith    .   (no shield)
rNeg     . . .     Spirit   .   x - +0 leather armour (curse)
rPois    .         Reflect  .   c - +0 helmet
rElec    .         Harm     .   w - +0 cloak
rCorr    .         Rampage  .   e - +1 pair of gloves {Dex+3}
MR       .....                  (no boots)
Stlth    ..........             (no amulet)
HPRegen  0.18/turn              r - ring of attention (curse)
MPRegen  0.10/turn              (no ring)

@: no status effects
A: claws 1, icy blue scales 2, powered by death 1
a: no special abilities


You were on level 4 of the Dungeon.
You visited 1 branch of the dungeon, and saw 4 of its levels.

You collected 189 gold pieces.

Inventory:

Hand Weapons
 a - a +0 long sword (weapon)
Missiles
 d - 5 throwing nets (quivered)
Armour
 c - a +0 helmet (worn)
 e - a +1 pair of gloves of dexterity (worn)
 w - a +0 cloak (worn)
 x - a cursed +0 leather armour (worn)
Jewellery
 r - a cursed ring of attention (left hand)
Wands
 g - a wand of iceblast (9)
Scrolls
 b - 3 scrolls of identify {unknown}
 f - 3 scrolls of teleportation {unknown}
 h - a scroll of immolation {unknown}
 i - a scroll of fear {unknown}
 j - a scroll of enchant armour {unknown}
 n - 2 scrolls of amnesia {unknown}
 o - a scroll of random uselessness {unknown}
 q - a scroll of enchant weapon {unknown}
 u - 3 scrolls of remove curse {unknown}
Potions
 k - a potion of mutation {unknown}
 l - a potion of curing {unknown}
 m - a potion of might {unknown}
 p - a potion of berserk rage {unknown}
 s - a potion of flight {unknown}
 t - a potion of cancellation {unknown}
 v - 2 potions of haste {unknown}


   Skills:
 + Level 4.8 Fighting
 + Level 4.8 Long Blades
 - Level 1.7 Throwing
 + Level 4.8 Dodging


You had 6 spell levels left.
You didn't know any spells.
Your spell library contained the following spells:

 Spells                   Type           Power        Failure   Level
 Beastly Appendage        Tmut           #.....       45%         1
 Magic Dart               Conj           #...         45%         1
 Blink                    Tloc           N/A          58%         2
 Call Imp                 Summ           #.......     58%         2
 Slow                     Hex            #.......     58%         2
 Wereblood                Tmut           #.......     58%         2
 Conjure Flame            Conj/Fire      #.......     83%         3
 Mephitic Cloud           Conj/Pois/Air  #.......     83%         3
 Spider Form              Tmut/Pois      #.........   83%         3
 Ice Form                 Ice/Tmut       #.......     99%         4
 Blade Hands              Tmut           #.........   100%        5


Dungeon Overview and Level Annotations

Branches:
Dungeon (4/15)             Temple (0/1) D:4

Altars:
Fedhas
Uskayaw
Yredelemnul


Innate Abilities, Weirdness & Mutations

You have sharp fingernails.
You are mostly covered in icy blue scales. (AC +3)
You regenerate a little health from kills.


Message History

You hit the ogre.
The ogre is heavily wounded.
The ogre barely misses you.
You hit the ogre.
The ogre is heavily wounded.
You hit the ogre.
The ogre is heavily wounded.
The ogre barely misses you.
You riposte.
You slash the ogre!
The ogre is almost dead.
You barely miss the ogre.
The ogre is almost dead.
The ogre misses you.
You slash the ogre!
You kill the ogre!
You have reached level 7!
Your demonic ancestry asserts itself...
Your fingernails lengthen.
You start resting.
HP restored.
Are you sure you want to abandon this character and quit the game? (Confirm with "yes".)

######
......#########
...........<...
.............
..........#
#+##..).....#
#....@# #.....#
#.....########
#.....'.......
###.....########
+...........#
###########.#
#.# #.#


There were no monsters in sight!

Vanquished Creatures
  2 phantoms (D:4)
  An ice beast (D:2)
  An ogre (D:4)
  Crazy Yiuf (D:3)
  Natasha (thrice) (D:3)
  5 adders
  5 worms
  2 dart slugs
  3 leopard geckos
  7 orcs (D:3)
  3 giant cockroaches
  11 goblins
  5 hobgoblins
  3 jackals (D:2)
  4 kobolds
  2 quokkas
  5 bats
  A frilled lizard (D:2)
  A leopard gecko skeleton (D:4)
  8 rats
  A spectral orc (D:2)
74 creatures vanquished.

Vanquished Creatures (others)
  A fungus (D:3)
1 creature vanquished.

Grand Total: 75 creatures vanquished

Notes
Turn   | Place    | Note
-------+----------+-------------------------------------------
     0 | D:1      | grandjackal the Demonspawn Gladiator began the quest for
                  | the Orb.
     0 | D:1      | Reached XP level 1. HP: 16/16 MP: 1/1
   371 | D:1      | Gained mutation: You regenerate a little health from kills.
                  | [demonic ancestry]
   371 | D:1      | Reached XP level 2. HP: 22/22 MP: 2/2
   617 | D:2      | Found a basalt altar of Yredelemnul.
   752 | D:2      | Reached XP level 3. HP: 28/28 MP: 3/3
   963 | D:2      | HP: 1/28 [worm (7)]
  1741 | D:3      | Gained mutation: You are partially covered in icy blue
                  | scales. (AC +2) [demonic ancestry]
  1741 | D:3      | Reached XP level 4. HP: 23/35 MP: 4/4
  1903 | D:3      | Found a hide-covered altar of Uskayaw.
  2228 | D:3      | Noticed Natasha
  2239 | D:3      | Killed Natasha
  2239 | D:3      | Reached XP level 5. HP: 24/41 MP: 5/5
  2623 | D:3      | Noticed an ice beast
  2650 | D:2      | Killed an ice beast
  2945 | D:3      | Found a blossoming altar of Fedhas.
  3111 | D:3      | Found a runed translucent door.
  3112 | D:3      | Noticed Crazy Yiuf
  3126 | D:3      | HP: 1/42 [Crazy Yiuf/+4 quarterstaff of chaos (2)]
  3127 | D:3      | Killed Crazy Yiuf
  3127 | D:3      | Gained mutation: You are mostly covered in icy blue scales.
                  | (AC +3) [demonic ancestry]
  3127 | D:3      | Reached XP level 6. HP: 1/48 MP: 3/6
  3453 | D:3      | Noticed Natasha
  3459 | D:3      | Killed Natasha
  3689 | D:3      | Noticed Natasha
  3694 | D:3      | Killed Natasha
  3839 | D:4      | Found a staircase to the Ecumenical Temple.
  4199 | D:4      | Gained mutation: You have sharp fingernails. [demonic
                  | ancestry]
  4199 | D:4      | Reached XP level 7. HP: 37/55 MP: 7/7
  4272 | D:4      | Quit the game

Illustrated notes

Levels and vault maps discovered:
D:1:      minmay_arrival_plants_in_alcoves, layout_basic
D:2:      layout_rooms, yredelemnul_forgotten_temple_becter,
          roderic_roman_lattice, st_stairs_6, hangedman_feature_mirror
D:3:      layout_basic, marbit_many_paths, overflow_temple_1_default,
          minmay_quadrilaterals, uniq_natasha, uniq_crazy_yiuf_cottage
D:4:      layout_basic, nicolae_overflow_hidden_temple, temple_statues,
          serial_shops, shop, hangedman_abyss_or_decor_stagger,
          nicolae_ru_the_path_less_chosen

Skill      XL: |  1  2  3  4  5 |
---------------+----------------+-----
Dodging        | 3 4 |  4.8
Long Blades    | 3 4 |  4.8
Fighting       | 3 4 |  4.8
Throwing       | |  1.7

Action                   |  1- 3 |  4- 6 |  7- 9 || total
-------------------------+-------+-------+-------++-------
Melee: Long sword        |   136 |   161 |       ||   297
 Stab: Sleeping          |     1 |       |       ||     1
       Invisible         |       |     1 |       ||     1
Armor: Leather armour    |    14 |     8 |       ||    22
       Ring mail         |    36 |    46 |       ||    82
Dodge: Dodged            |    92 |   111 |       ||   203
       Rpst.: Long sword |    28 |    36 |       ||    64

Table legend: (Time is in decaauts)
 A = Elapsed time spent in this place.
 B = Non-inter-level travel time spent in this place.
 C = Inter-level travel time spent in this place.
 D = Time resting spent in this place.
 E = Time spent auto-exploring this place.
 F = Levels seen in this place.
 G = Mean time per level.
                   A        B        C        D        E       F      G
               +--------+--------+--------+--------+--------+-----+--------+
         Total |   4349 |   4018 |    331 |   1468 |   1783 |   4 | 1087.2 |
       Dungeon |   4349 |   4018 |    331 |   1468 |   1783 |   4 | 1087.2 |
               +--------+--------+--------+--------+--------+-----+--------+

Top non-repeatable levels by time:
     D:3: 1998 daAuts
     D:2: 982 daAuts
     D:1: 858 daAuts
     D:4: 509 daAuts
